 Dungeon Crawl Stone Soup version 0.31-a0-75-g6fe912e8c5 (webtiles) character file.

Game seed: 6737417388476366097

137 Pimp the Shooter (level 5, -3/31 HPs)
             Began as a Deep Elf Hunter on May 23, 2023.
             Slain by Sigmund
             ... wielding a +0 scythe
              (4 damage)
             ... on level 3 of the Dungeon.
             The game lasted 00:03:03 (2145 turns).

Pimp the Shooter (Deep Elf Hunter)                  Turns: 2145, Time: 00:03:04

Health: -3/31      AC:  4    Str:  8    XL:     5   Next: 0%
Magic:  7/7        EV: 13    Int: 14    God:
Gold:   97         SH:  0    Dex: 20    Spells: 4/4 levels left

rFire   . . .        a - +0 shortbow
rCold   . . .        (shield currently unavailable)
rNeg    . . .        c - +0 leather armour
rPois   .            h - +0 helmet
rElec   .            (no cloak)
rCorr   .            (no gloves)
SInv    .            (no boots)
Will    .....        (no amulet)
Stlth   ++           (no ring)
HPRegen 0.25/turn    (no ring)
MPRegen 0.10/turn

%: no passive effects
@: no status effects
A: no striking features
a: no special abilities


You were on level 3 of the Dungeon.
You visited 1 branch of the dungeon, and saw 3 of its levels.

You collected 97 gold pieces.

Inventory:

Hand Weapons
 a - a +0 shortbow (weapon)
Armour
 c - a +0 leather armour (worn)
 h - a +0 helmet (worn)
Scrolls
 b - a scroll of immolation
 f - 2 scrolls of teleportation
 i - 2 scrolls of identify
 j - a scroll of fear


   Skills:
 + Level 2.6 Fighting
 + Level 6.4 Ranged Weapons
 + Level 3.8 Dodging
 - Level 2.5 Stealth


You had 4 spell levels left.
You didn't know any spells.
Your spell library contained the following spells:

 Spells                   Type           Power      Damage    Failure   Level
 Call Canine Familiar     Summ           0%         N/A       77%         3
 Frozen Ramparts          Ice            0%         1d1       77%         3
 Portal Projectile        Hex/Tloc       0%         N/A       77%         3
 Ice Form                 Ice/Tmut       0%         N/A       99%         4
 Leda's Liquefaction      Hex/Erth       0%         N/A       99%         4
 Summon Ice Beast         Ice/Summ       0%         N/A       99%         4


Dungeon Overview and Level Annotations

Branches:
Dungeon (3/15)

Altars:

Shops:
D:3 :

Annotations:
D:3 Sigmund, Terence


Message History

No target in view!
No target in view!
You see here a giant cockroach corpse.
Sigmund the Dreaded comes into view.
He is wielding a +0 scythe.
You shoot an arrow.
The arrow hits Sigmund but does no damage.
Sigmund shouts!
You shoot an arrow. The arrow barely misses Sigmund.
An orc comes into view. It is wielding a +0 whip.
You shoot an arrow. The arrow closely misses Sigmund.
The orc shouts!
The arrow hits the orc.
The orc is moderately wounded.
Sigmund gestures wildly while chanting.
Sigmund flickers and vanishes!
Deactivating autopickup; reactivate with Ctrl-A.
You start waiting.
An orc is nearby!
You shoot an arrow. The arrow hits the orc.
You kill the orc!
A puff of flame appears from out of thin air!
The puff of flame misses you.
You have reached level 5!
You are confused.
You're too confused to move!
You bump into the rock wall.
A magic dart appears from out of thin air!
The magic dart hits you. Something hits you! Something hits you!
* * * LOW HITPOINT WARNING * * *
You feel less confused.
A magic dart appears from out of thin air!
The magic dart hits you.
* * * LOW HITPOINT WARNING * * *
Something hits you.
* * * LOW HITPOINT WARNING * * *
You shoot an arrow. You shoot an arrow. Something hits you.
You die...

#.# #.. #.###
#...# ###)## #..#
##.# #{# #@#
#...##### #.#
#.......). #.#
..######. #.##
##..# ##.
#..#####...#####..
##....##.#.#.....⌠
####.#..#.#......
#>†....+.....⌠
######.#......


There were no monsters in sight!

Vanquished Creatures
  Jessica (D:3)
  4 adders (D:2)
  A worm (D:2)
  A dart slug (D:1)
  An orc (D:3)
  3 ball pythons
  8 bats
  6 endoplasms
  4 giant cockroaches
  3 goblins
  3 hobgoblins (D:2)
  10 jackals
  3 quokkas
  4 frilled lizards
  9 kobolds
  4 rats
65 creatures vanquished.

Notes
Turn   | Place    | Note
-------+----------+-------------------------------------------
     0 | D:1      | Pimp the Deep Elf Hunter began the quest for the Orb.
     0 | D:1      | Reached XP level 1. HP: 12/12 MP: 3/3
   254 | D:1      | Reached XP level 2. HP: 17/17 MP: 4/4
   550 | D:1      | Reached XP level 3. HP: 21/21 MP: 5/5
  1420 | D:2      | Reached skill level 6 in Ranged Weapons
  1498 | D:2      | Reached XP level 4. HP: 26/26 MP: 6/6
  1908 | D:3      | Noticed Terence
  2001 | D:3      | Noticed Jessica
  2003 | D:3      | Killed Jessica
  2011 | D:3      | Found Waixasy's Vocational Training.
  2124 | D:3      | Noticed Sigmund
  2137 | D:3      | Reached XP level 5. HP: 31/31 MP: 7/7
  2143 | D:3      | HP: 1/31 [something (2)]
  2145 | D:3      | Slain by Sigmund

Illustrated notes

Levels and vault maps discovered:
D:1:      mrwooster_arrival_statue, layout_basic
D:2:      layout_basic
D:3:      layout_basic, mainiacjoe_overflow_catwalk, corner_web_ring,
          nicolae_shop_vocational, uniq_sigmund, uniq_terence, uniq_jessica

Skill      XL: |  1  2  3 |
---------------+----------+-----
Stealth        | 2 |  2.5
Fighting       | 2 |  2.6
Dodging        | 3 |  3.8
Ranged Weapons | 6 |  6.4

Action                     |  1- 3 |  4- 6 || total
---------------------------+-------+-------++-------
   Fire: Shortbow          |   103 |    38 ||   141
    Use: Scroll            |     2 |     2 ||     4
         Potion            |       |     4 ||     4
 Armour: Leather armour    |     6 |     5 ||    11
  Dodge: Dodged            |    11 |     6 ||    17

Table legend: (Time is in decaauts)
 A = Elapsed time spent in this place.
 B = Non-inter-level travel time spent in this place.
 C = Inter-level travel time spent in this place.
 D = Time resting spent in this place.
 E = Time spent auto-exploring this place.
 F = Levels seen in this place.
 G = Mean time per level.
                   A        B        C        D        E       F      G
               +--------+--------+--------+--------+--------+-----+--------+
         Total |   2173 |   2046 |    127 |     24 |   1729 |   3 |  724.3 |
       Dungeon |   2173 |   2046 |    127 |     24 |   1729 |   3 |  724.3 |
               +--------+--------+--------+--------+--------+-----+--------+

Top non-repeatable levels by time:
     D:2: 976 daAuts
     D:1: 896 daAuts
     D:3: 301 daAuts
